 Dungeon Crawl Stone Soup version 0.30.1 (webtiles) character file.

Game seed: 696574529831791883

1479 Graphine the Covert (level 9, 0/52 HPs)
             Began as a Kobold Brigand on July 4, 2023.
             Slain by a vampire
             ... wielding a +0 dagger
              (8 damage)
             ... on level 6 of the Dungeon.
             The game lasted 00:12:58 (6031 turns).

Graphine the Covert (Kobold Brigand)                Turns: 6031, Time: 00:12:59

Health: 0/52       AC:  5    Str:  8    XL:     9   Next: 6%
Magic:  12/12      EV: 18    Int: 13    God:
Gold:   191        SH:  0    Dex: 20    Spells: 12/12 levels left

rFire   . . .        o - +9 staff of Olgreb {rPois∞}
rCold   . . .        (shield currently unavailable)
rNeg    . . .        b - +0 robe
rPois   ∞            (no helmet)
rElec   .            c - +2 cloak
rCorr   .            (no gloves)
SInv    .            (no boots)
Will    .....        (no amulet)
Stlth   +++++        (no ring)
HPRegen 0.28/turn    (no ring)
MPRegen 0.13/turn

%: no passive effects
@: no status effects
A: small, no large weapons, nightstalker 3
a: Evoke the Staff of Olgreb


You were on level 6 of the Dungeon.
You visited 2 branches of the dungeon, and saw 7 of its levels.
You also visited: Sewer.

You collected 304 gold pieces.
You spent 113 gold pieces at shops.

Inventory:

Hand Weapons
 a - a +2 dagger
 l - a +1 short sword of draining
 o - the +9 staff of Olgreb (weapon) {rPois∞}
   (You acquired it on level 3 of the Dungeon)

   It enhances your poison magic.
   It grants immunity to poison.
   It can be activated via the 'a'bility menu to radiate toxic energy, with
   effectiveness depending on Evocations skill.
Missiles
 d - 12 poisoned darts (quivered)
 e - 3 curare-tipped darts
 w - a throwing net
Armour
 b - a +0 robe (worn)
 c - a +2 cloak (worn)
 n - the +0 pair of gloves of the Stone Wall {Rampage Str+3 Int-5}
   (You found it in a sewer)

   Str:       It affects your strength (+3).
   Int:       It affects your intelligence (-5).
   Rampage:   It bestows one free step when moving towards enemies.
Magical Staves
 k - a staff of conjuration
Jewellery
 x - a +6 ring of strength
Wands
 p - a wand of flame (7)
Scrolls
 h - 4 scrolls of teleportation
 q - 3 scrolls of identify
 v - 2 scrolls of enchant armour
 y - a scroll of enchant weapon
Potions
 f - a potion of mutation
 g - a potion of lignification
 i - a potion of ambrosia
 m - a potion of cancellation
 r - a potion of brilliance
 s - a potion of invisibility
 t - 2 potions of might
 u - 4 potions of curing
 z - a potion of flight


   Skills:
 + Level 4.4 Fighting
 - Level 4.7 Short Blades
 + Level 2.2 Staves
 - Level 2.1 Throwing
 * Level 5.9 Dodging
 * Level 9.1 Stealth
 + Level 2.3 Spellcasting
 + Level 2.5 Poison Magic
 * Level 4.4 Evocations


You had 12 spell levels left.
You didn't know any spells.
Your spell library contained the following spells:

 Spells                   Type           Power      Damage    Failure   Level
 Apportation              Tloc           2%         N/A       24%         1
 Magic Dart               Conj           4%         1d3       24%         1
 Necrotise                Necr           4%         1d4       24%         1
 Sandblast                Erth           2%         2d4       24%         1
 Shock                    Conj/Air       4%         1d3       24%         1
 Summon Small Mammal      Summ           4%         N/A       24%         1
 Blink                    Tloc           2%         N/A       36%         2
 Lesser Beckoning         Tloc           2%         N/A       36%         2
 Momentum Strike          Conj/Tloc      2%         3d8       36%         2
 Passwall                 Tmut/Erth      0%         N/A       36%         2
 Searing Ray              Conj           2%         2d4       36%         2
 Stone Arrow              Conj/Erth      2%         3d7       58%         3
 Swiftness                Air            1%         N/A       58%         3
 Vhi's Electric Charge    Tloc/Air       2%         N/A       58%         3
 Airstrike                Air            0%         2d(1-17)  94%         4
 Fulminant Prism          Conj/Hex       0%         3d5       94%         4
 Arcjolt                  Conj/Air       0%         1d10      100%        5
 Maxwell's Capacitive Co  Air            0%         ∞         100%        8


Dungeon Overview and Level Annotations

Branches:
Dungeon (6/15)             Temple (1/1) D:5           Sewer (visited)

Altars:
Cheibriados
Dithmenos
Fedhas
Kikubaaqudgha
Makhleb
Nemelex Xobeh
Okawaru
Qazlal
Ru
Sif Muna
Trog
Uskayaw
Xom
Yredelemnul
Zin
The Shining One

Shops:
D:3 !*([(   D:4 !


Innate Abilities, Weirdness & Mutations

You are small and have problems with some larger weapons.
You are completely attuned to the shadows.


Message History

Something bites you.
Something draws strength from your injuries!
Hit: o) +9 staff of Olgreb {rPois∞}
Press: ? - help, Dir - move target You hit something.
Something hits you. Something bites you!
Something draws strength from your injuries!
Your phantom closely misses something.
Unknown command.
Hit: o) +9 staff of Olgreb {rPois∞}
Press: ? - help, Dir - move target You completely miss something.
Something hits you. Something bites you.
Something draws strength from your injuries!
Your phantom hits something.
Unknown command.
You feel much better. Something barely misses you. Something bites you.
Something draws strength from your injuries!
Your phantom barely misses something.
Hit: o) +9 staff of Olgreb {rPois∞}
Press: ? - help, Dir - move target You hit something.
Something hits you! Something bites you.
Something draws strength from your injuries!
Your phantom barely misses something.
Unknown command.
Hit: o) +9 staff of Olgreb {rPois∞}
Press: ? - help, Dir - move target You closely miss something.
You hear some strange, mumbled words.
Something tries to affect you, but you resist.
Your phantom closely misses something.
Unknown command.
Okay, then.
Your orc hits something but does no damage.
Something hits you.
* * * LOW HITPOINT WARNING * * *
Something bites you.
* * * LOW HITPOINT WARNING * * *
Something draws strength from your injuries!
Your orc barely misses something.
Something hits you!
You die...

...#.#### ......... .
..$...# #$ #...# ##
#..#..###..
.......#.######
.~~~.....o....#
~~8~~...{Wo...#
#######@####..# #.#
#..# # .# #.####..#
.# ..##...##..###>##
...#..............#
..........<....##.#
...#..##.....####.#
.........#..8.###.##
........###....#...##


You could see a friendly phantom (summoned) and 2 friendly orcs.

Vanquished Creatures
  Edmund (D:6)
  A water moccasin (Sewer)
  3 ice beasts (D:5)
  2 ogres
  A gnoll sergeant (D:6)
  5 wights (D:6)
  3 hounds
  A jelly (D:6)
  An orc priest (D:3)
  A gnoll bouda (D:4)
  2 iguanas
  10 gnolls
  6 adders
  An ufetubus (D:6)
  A worm (D:2)
  4 dart slugs
  4 orcs (D:3)
  3 ball pythons
  12 endoplasms
  8 giant cockroaches
  12 goblins
  9 hobgoblins
  9 jackals
  3 quokkas
  4 bats
  2 frilled lizards
  5 kobolds
  7 rats
121 creatures vanquished.

Notes
Turn   | Place    | Note
-------+----------+-------------------------------------------
     0 | D:1      | Graphine the Kobold Brigand began the quest for the Orb.
     0 | D:1      | Reached XP level 1. HP: 12/12 MP: 1/1
    42 | D:1      | Reached XP level 2. HP: 17/17 MP: 2/2
   178 | D:1      | Noticed a great orb of eyes
   179 | D:1      | Found a faded altar of an unknown god.
   179 | D:1      | Noticed a golden eye
   189 | D:1      | Noticed a floating eye
   246 | D:1      | Reached XP level 3. HP: 22/22 MP: 3/3
   357 | D:1      | Noticed a golden eye
   920 | D:2      | Reached skill level 6 in Stealth
   923 | D:2      | Reached XP level 4. HP: 27/27 MP: 4/4
  1401 | D:2      | Found a shimmering altar of Xom.
  1562 | D:3      | Found Jeochut's Assorted Antiques.
  1567 | D:3      | Bought a scroll labelled JIUCRU EDWA for 26 gold pieces
  1567 | D:3      | Bought a scroll labelled JIUCRU EDWA for 26 gold pieces
  1567 | D:3      | Bought a scroll labelled ATOSAY VIXO for 26 gold pieces
  1567 | D:3      | Bought a white potion for 23 gold pieces
  1611 | D:3      | Noticed a +0 dagger
  1612 | D:3      | Noticed a +0 hand axe
  1615 | D:3      | Found a hide-covered altar of Uskayaw.
  1623 | D:3      | Found Toylupox's Weapon Shoppe.
  1631 | D:3      | Noticed an ogre
  1669 | D:3      | Killed an ogre
  1670 | D:3      | Reached XP level 5. HP: 22/32 MP: 5/5
  1831 | D:3      | Found Dunig Vuly's Armour Emporium.
  1838 | D:3      | Found Vebbah's Weapon Emporium.
  1945 | D:3      | Found Ythricute's Distillery.
  1950 | D:3      | Bought a potion of degeneration for 12 gold pieces
  2235 | D:3      | Reached XP level 6. HP: 36/37 MP: 6/6
  2255 | D:3      | Reached skill level 7 in Stealth
  2525 | D:3      | Identified a scroll of acquirement
  2525 | D:3      | Acquired the +9 staff of Olgreb {rPois∞}
  2525 | D:3      | Found the +9 staff of Olgreb {rPois∞}
  2666 | D:4      | You fall into a shaft and drop 2 floors!
  2670 | D:5      | Entered Level 5 of the Dungeon
  2677 | D:5      | Identified the +6 war axe "Xokhups" {flame, rPois rF+}
  2816 | D:4      | Found a glowing drain.
  2839 | Sewer    | Entered a sewer
  2896 | Sewer    | Noticed a water moccasin
  2914 | Sewer    | Killed a water moccasin
  2915 | Sewer    | Reached skill level 1 in Evocations
  2915 | Sewer    | Reached XP level 7. HP: 25/41 MP: 7/7
  2917 | Sewer    | Identified the +0 pair of gloves of the Stone Wall {Rampage
                  | Str+3 Int-5}
  3143 | D:4      | Identified the +1 trident of the Desolation of Salt {venom,
                  | rPois rC- rN+++ Will+}
  3272 | D:4      | Found Kodi's Distillery.
  3330 | D:4      | Reached skill level 1 in Poison Magic
  3478 | D:4      | Found a blossoming altar of Fedhas.
  3535 | D:4      | Reached skill level 1 in Staves
  3720 | D:5      | Found a staircase to the Ecumenical Temple.
  3744 | D:5      | Reached skill level 1 in Spellcasting
  3752 | Temple   | Entered the Ecumenical Temple
  4044 | D:5      | Reached skill level 8 in Stealth
  4362 | D:5      | Reached XP level 8. HP: 48/48 MP: 9/9
  4502 | D:5      | Reached skill level 5 in Dodging
  4823 | D:5      | Found a shimmering altar of Xom.
  4908 | D:5      | Found a stormy altar of Qazlal.
  5327 | D:6      | Noticed Edmund
  5343 | D:6      | Killed Edmund
  5463 | D:6      | Noticed a vampire
  5489 | D:6      | HP: 2/48 [vampire (10)]
  5781 | D:6      | Reached skill level 9 in Stealth
  5856 | D:6      | Found a glowing silver altar of Zin.
  5861 | D:6      | Reached XP level 9. HP: 45/52 MP: 12/12
  6031 | D:6      | Slain by a vampire

Illustrated notes

Levels and vault maps discovered:
D:1:      dpeg_arrival_tiny_a, layout_basic,
          hellmonk_ecumenical_altar_watching_god
D:2:      minmay_chambers_of_twos, layout_basic, basic_altar
D:3:      layout_basic, dancing_weapons_uskayaw, serial_shops, shop,
          nicolae_shop_hallway_stairs, nicolae_shop_just_a_little_nook, shop,
          shop_fountains
D:4:      layout_cave_pools, fedhas_ov_isle_minmay, gup_sewer_entry_bubbles,
          serial_shops, nicolae_shop_tiny_waterfront, minmay_ogre_servants
D:5:      layout_layer_cave, nicolae_qazlal_eye_of_the_storm,
          mainiacjoe_overflow_concentric_impassable,
          minmay_temple_entry_large_hall
D:6:      layout_loops_ring, zin_statuary, moated_statue, feat_on_display,
          uniq_edmund, uniq_crazy_yiuf_cottage
Temple:   minmay_temple_curvy_loop

Skill      XL: |  1  2  3  4  5  6  7  8 |
---------------+-------------------------+-----
Short Blades   | 3 4 |  4.7
Dodging        | 2 3 4 5 |  5.9
Stealth        | 6 7 8 9 |  9.1
Fighting       | 3 4 |  4.4
Evocations     | 1 2 4 |  4.4
Poison Magic   | 1 2 |  2.5
Staves         | 1 2 |  2.2
Spellcasting   | 1 2 |  2.3
Throwing       | |  2.1

Action                     |  1- 3 |  4- 6 |  7- 9 || total
---------------------------+-------+-------+-------++-------
  Melee: Dagger            |    44 |       |       ||    44
         Short sword       |    18 |    75 |       ||    93
         Staff             |       |    53 |   197 ||   250
  Throw: Dart              |       |     3 |     2 ||     5
         Throwing net      |       |       |     1 ||     1
  Evoke: Wand              |       |     1 |     3 ||     4
    Use: Scroll            |     2 |     4 |    14 ||    20
         Potion            |       |       |     6 ||     6
   Stab: Sleeping          |    24 |    17 |    12 ||    53
         Distracted        |       |     1 |       ||     1
 Armour: Robe              |     2 |    20 |    22 ||    44
  Dodge: Dodged            |    18 |    96 |   200 ||   314
